 Dungeon Crawl Stone Soup version 0.24-a0-475-g5b41c6f198 (webtiles) character file.

Game seed: 5689056237959741967

3073 vurker the Arsonist (level 9, -3/62 HPs)
             Began as an Octopode Fire Elementalist on July 5, 2019.
             Slain by a killer bee (7 damage)
             ... on level 7 of the Dungeon.
             The game lasted 00:18:25 (10188 turns).

vurker the Arsonist (Octopode Fire Elementalist)   Turns: 10188, Time: 00:18:26

Health: -3/62      AC:  1    Str:  8    XL:     9   Next: 88%
Magic:  7/17       EV:  7    Int: 20    God:
Gold:   309        SH:  0    Dex: 12    Spells: 4/19 levels left

rFire    . . .     SeeInvis +   m - +1 trident
rCold    . . .     Gourm    .   (no shield)
rNeg     . . .     Faith    .   (helmet restricted)
rPois    .         Spirit   .   (no amulet)
rElec    .         Reflect  .   z - ring of see invisible
rCorr    .         Harm     .   (no ring)
MR       .....                  (no ring)
Stlth    +++.......             (no ring)
HPRegen  0.20/turn              (no ring)
MPRegen  0.15/turn              (no ring)
                                (no ring)
                                (no ring)

@: lethally poisoned (-3 -> -7), marked, held
A: almost no armour, stealthy swim, amphibious, 8 rings, constrict 8, camouflage
1, gelatinous body 1
a: no special abilities


You were on level 7 of the Dungeon.
You were not hungry.

You visited 1 branch of the dungeon, and saw 7 of its levels.

You collected 309 gold pieces.

Inventory:

Hand Weapons
 m - a +1 trident (weapon)
   (You took it off an orc on level 3 of the Dungeon)
Jewellery
 f - an uncursed amulet of regeneration {unknown}
   (You found it on level 6 of the Dungeon)
 z - a ring of see invisible (left tentacle)
   (You found it on level 6 of the Dungeon)
Scrolls
 d - 4 scrolls of remove curse {@r2}
 g - a scroll of fog {unknown}
 h - a scroll of teleportation {@r4}
 j - a scroll of enchant armour {unknown}
 l - 2 scrolls of immolation {!r}
 o - 2 scrolls of identify {@r1}
Potions
 a - a potion of flight
 b - a potion of lignification {unknown}
 c - a potion of heal wounds {@q2}
 i - 6 potions of curing {@q1}
 k - 3 potions of brilliance
 p - a potion of degeneration {unknown}
Comestibles
 e - 7 rations {!d}


   Skills:
 + Level 5.9 Fighting
 - Level 2.0 Dodging
 - Level 2.6 Stealth
 + Level 5.8 Spellcasting
 + Level 5.9 Conjurations
 * Level 9.1 Fire Magic


You had 4 spell levels left.
You knew the following spells:

 Your Spells              Type           Power        Failure   Level  Hunger
a - Flame Tongue          Conj/Fire      #####        1%          1    None
b - Throw Flame           Conj/Fire      #####.       1%          2    None
c - Conjure Flame         Conj/Fire      #####...     1%          3    ##.....
q - Sticky Flame          Conj/Fire      #####...     4%          4    ####...
z - Fireball              Conj/Fire      #####.....   13%         5    #####..

Your spell library contained the following spells:

 Spells                   Type           Power        Failure   Level  Hunger
 Magic Dart               Conj           ####         1%          1    None
 Searing Ray              Conj           ####..       1%          2    None
 Shock                    Conj/Air       ###.         3%          1    None
 Inner Flame              Hex/Fire       ###.....     4%          3    ##.....
 Iskenderun's Mystic Bla  Conj           ####....     9%          4    ####...
 Dazzling Spray           Conj/Hex       ###...       10%         3    ##.....
 Static Discharge         Conj/Air       ###.....     10%         3    ##.....
 Swiftness                Chrm/Air       #.......     16%         2    None
 Force Lance              Conj/Tloc      ###.....     30%         4    ####...
 Fulminant Prism          Conj/Hex       ###.......   30%         4    ####...
 Airstrike                Air            #.........   71%         4    ####...
 Lightning Bolt           Conj/Air       ###.......   65%         5    #####..


Dungeon Overview and Level Annotations

Branches:
Dungeon (7/15)
 Temple: D:4-7

Altars:

Annotations:
D:7 Harold


Innate Abilities, Weirdness & Mutations

You cannot wear most types of armour.
You are very stealthy in the water. (Stealth+)
You are amphibious.
You can wear up to eight rings at the same time.
You can use your tentacles to constrict eight enemies at once.
Your skin changes colour to match your surroundings (Stealth+).
Your rubbery body absorbs attacks. (AC +1, EV +1)


Message History

The jelly quivers.
Aim: a jelly (almost dead)
The puff of flame hits the jelly.
You kill the jelly!
Harold is too close now for your liking.
Aim: Harold, wielding a +0 scimitar and wearing a +0 scale mail (hasn't noticed you)
The puff of flame hits Harold but does no damage.
Harold shouts!
Harold points at you and mumbles some strange words.
A sentinel's mark forms upon you.
Harold throws a throwing net.
The throwing net hits you.
You become entangled in the net!
You stop ascending the stairs.
You can't do that while held in a net.
You struggle against the net.
Harold points at you and mumbles some strange words.
The mark upon you grows brighter.
You struggle against the net.
You tear a large gash into the net.
Harold gestures at you while chanting. The harpoon shot hits you!
You are yanked forward by the harpoon shot.
A leopard gecko comes into view.
Found 12 gold pieces.
The killer bee stings you!
You are poisoned.
The killer bee poisons you!
Harold throws a throwing net.
The throwing net hits you.
You become entangled in the net!
You see here a throwing net {!f}.
You struggle against the net.
You feel sick. The killer bee stings you. The killer bee closely misses you.
Harold casts a spell at you. The harpoon shot hits you!
* * * LOW HITPOINT WARNING * * *
You are yanked forward by the harpoon shot.
You feel sick. The killer bee barely misses you. x2
Harold throws a throwing net.
The throwing net hits you.
You become entangled in the net!
You see here a throwing net {!f}.
You struggle against the net.
You feel sick. The killer bee stings you!
* * * LOW HITPOINT WARNING * * *
The killer bee stings you.
* * * LOW HITPOINT WARNING * * *
You struggle against the net.
The killer bee stings you!
* * * LOW HITPOINT WARNING * * *
The killer bee stings you.
* * * LOW HITPOINT WARNING * * *
You struggle against the net.
* * * LOW HITPOINT WARNING * * *
You feel sick. The killer bee closely misses you. The killer bee stings you!
You die...

.............
............####
.............#..
................
............$...
...............)
................
......l@..#.....
...>.†.@(.......
.......yy.......
#.....
................
#....
..###...........
#..... .
##..<.......
.#...
#..).......
....>
##.$.......
...y##
..........
..y†.#
#..........


You could see Harold, 2 killer bees and a leopard gecko.

Vanquished Creatures
  An unseen horror (D:6)
  A hungry ghost (D:7)
  2 orc warriors (D:6)
  2 sky beasts
  An ice beast (D:6)
  2 phantoms
  5 ogres
  A centaur (D:5)
  A bullfrog (D:6)
  A scorpion (D:6)
  7 killer bees
  A crimson imp (D:5)
  A centaur zombie (D:6)
  3 orc priests (D:6)
  A jelly (D:7)
  3 orc wizards
  3 iguanas
  6 worker ants
  A hound zombie (D:5)
  3 hound skeletons
  A worker ant zombie (D:5)
  Robin (D:3)
  12 adders
  2 shadow imps
  An ooze (D:4)
  An adder skeleton (D:5)
  3 worms (D:2)
  2 dart slugs (D:3)
  6 leopard geckos
  21 orcs
  10 bats
  6 giant cockroaches
  19 goblins
  10 hobgoblins
  8 jackals
  3 quokkas
  A ball python (D:3)
  12 frilled lizards
  15 kobolds
  A leopard gecko skeleton (D:5)
  10 rats
191 creatures vanquished.

Notes
Turn   | Place    | Note
-------+----------+-------------------------------------------
     0 | D:1      | vurker the Octopode Fire Elementalist began the quest for
                  | the Orb.
     0 | D:1      | Reached XP level 1. HP: 11/11 MP: 3/3
   247 | D:1      | Reached XP level 2. HP: 13/18 MP: 5/5
   255 | D:1      | Learned a level 2 spell: Throw Flame
   756 | D:1      | Reached XP level 3. HP: 12/22 MP: 0/6
   761 | D:1      | Learned a level 3 spell: Conjure Flame
  1020 | D:1      | Reached skill level 1 in Fighting
  1628 | D:2      | Reached XP level 4. HP: 28/28 MP: 4/7
  1768 | D:2      | Reached skill level 4 in Fire Magic
  2303 | D:2      | Reached XP level 5. HP: 34/34 MP: 0/8
  2689 | D:3      | Found a faded altar of an unknown god.
  3146 | D:3      | Noticed Robin
  3666 | D:3      | Killed Robin
  3666 | D:3      | Reached XP level 6. HP: 39/39 MP: 2/10
  3977 | D:4      | Learned a level 4 spell: Sticky Flame
  4096 | D:4      | Reached skill level 5 in Fire Magic
  4953 | D:4      | Reached XP level 7. HP: 41/45 MP: 6/12
  5056 | D:5      | Entered Level 5 of the Dungeon
  6329 | D:5      | Reached skill level 6 in Fire Magic
  6591 | D:5      | Reached XP level 8. HP: 54/54 MP: 3/14
  7895 | D:6      | Reached skill level 7 in Fire Magic
  8342 | D:6      | Noticed an unseen horror
  8353 | D:6      | Killed an unseen horror
  8353 | D:6      | Reached skill level 5 in Fighting
  8353 | D:6      | Reached skill level 5 in Spellcasting
  8353 | D:6      | Reached skill level 5 in Conjurations
  8353 | D:6      | Reached skill level 8 in Fire Magic
  8353 | D:6      | Reached XP level 9. HP: 35/61 MP: 9/16
  8360 | D:6      | Learned a level 5 spell: Fireball
  9794 | D:7      | Noticed Harold
  9978 | D:6      | Reached skill level 9 in Fire Magic
 10188 | D:7      | Slain by a killer bee

Levels and vault maps discovered:
D:1:      minmay_arrival_arboretum_small, layout_basic, wad_floor_pattern_2
D:2:      layout_loops_ring, minmay_distorted
D:3:      layout_rooms, chequers_ecumenical_altar_simple, corexii_shack,
          hangedman_feature_mirror, uniq_robin
D:4:      layout_loops_ring, hangedman_abyss_or_decor_lesser_grid,
          chequers_serial_rivers_large_a
D:5:      layout_basic, first_ration
D:6:      layout_basic
D:7:      layout_cave_pools, minmay_temple_entry_grid, uniq_harold,
          uniq_crazy_yiuf_cottage, uniq_joseph

Skill      XL: |  1  2  3  4  5  6  7  8  9 |
---------------+----------------------------+-----
Fighting       | 1 2 3 5 |  5.9
Fire Magic     | 4 5 6 8 9 |  9.1
Conjurations   | 2 3 5 |  5.9
Spellcasting   | 3 4 5 |  5.8
Dodging        | |  2.0
Stealth        | |  2.6

Action                   |  1- 3 |  4- 6 |  7- 9 || total
-------------------------+-------+-------+-------++-------
Melee: Unarmed           |    27 |       |       ||    27
       Constrict         |    16 |    14 |    11 ||    41
       Tentacles         |     2 |     4 |     8 ||    14
       Dagger            |    25 |    43 |       ||    68
       Trident           |       |    21 |   131 ||   152
 Cast: Flame Tongue      |    29 |    92 |    99 ||   220
       Throw Flame       |    12 |    30 |    84 ||   126
       Conjure Flame     |       |     1 |     8 ||     9
       Sticky Flame      |       |     1 |     7 ||     8
       Fireball          |       |       |     1 ||     1
  Use: Scroll            |       |       |    12 ||    12
       Potion            |       |       |     1 ||     1
 Stab: Sleeping          |     1 |     6 |     1 ||     8
       Distracted        |       |     1 |       ||     1
  Eat: Chunk             |     3 |    12 |    10 ||    25
       Ration            |       |       |     4 ||     4
Armor: Skin              |    13 |    11 |     8 ||    32
Dodge: Dodged            |    52 |    56 |    93 ||   201

Table legend:
 A = Non-vault XP
 B = Vault XP
 C = Vault XP percentage of total XP
 D = Non-vault monster count
 E = Vault monster count
 F = Vault count percentage of total count
                 A         B        C        D         E       F
            +---------+---------+-------+---------+---------+-------
      Total |    4350 |      41 |   0.9 |     176 |      15 |   7.9
            +---------+---------+-------+---------+---------+-------
        D:1 |      44 |       0 |   0.0 |      29 |       0 |   0.0
        D:2 |     123 |       3 |   2.4 |      34 |       2 |   5.6
        D:3 |     119 |      38 |  24.2 |      27 |      13 |  32.5
        D:4 |     306 |       0 |   0.0 |      18 |       0 |   0.0
        D:5 |     778 |       0 |   0.0 |      23 |       0 |   0.0
        D:6 |    2279 |       0 |   0.0 |      35 |       0 |   0.0
        D:7 |     701 |       0 |   0.0 |      10 |       0 |   0.0
            +---------+---------+-------+---------+---------+-------
